 Dungeon Crawl Stone Soup version 0.22.2-1-ge965b3a (webtiles) character file.

349 smallpebble the Chopper (level 6, 0/53 HPs)
             Began as a Hill Orc Fighter on Apr 11, 2019.
             Killed from afar by Blork the orc (4 damage)
             ... with a puff of flame
             ... on level 4 of the Dungeon.
             The game lasted 00:06:16 (2296 turns).

smallpebble the Chopper (Hill Orc Fighter)          Turns: 2296, Time: 00:06:17

Health: 0/53       AC:  9    Str: 20    XL:     6   Next: 60%
Magic:  6/6        EV:  8    Int:  8    God:
Gold:   72         SH:  9    Dex: 11    Spells: 5/5 levels left

rFire    . . .     SeeInvis .   a - +0 war axe
rCold    . . .     Gourm    .   c - +0 shield
rNeg     . . .     Faith    .   b - +0 scale mail
rPois    .         Spirit   .   (no helmet)
rElec    .         Reflect  .   n - +0 cloak
rCorr    .         Harm     .   m - +0 pair of gloves
MR       .....                  (no boots)
Stlth    ..........             (no amulet)
HPRegen  0.17/turn              (no ring)
MPRegen  0.10/turn              (no ring)

@: lethally poisoned (0 -> -13)
A: no striking features
a: no special abilities


You were on level 4 of the Dungeon.
You were not hungry.

You visited 1 branch of the dungeon, and saw 4 of its levels.

You collected 72 gold pieces.

Inventory:

Hand Weapons
 a - a +0 war axe (weapon)
Armour
 b - a +0 scale mail (worn)
 c - a +0 shield (worn)
 l - a +0 cloak
 m - a +0 pair of gloves (worn)
 n - a +0 cloak (worn)
Jewellery
 q - an uncursed ring of poison resistance {unknown}
Scrolls
 e - 4 scrolls of teleportation {unknown}
 h - a scroll of amnesia {unknown}
 j - a scroll of remove curse {unknown}
 k - 3 scrolls of identify {unknown}
 o - a scroll of fear {unknown}
 p - a scroll of random uselessness {unknown}
Potions
 d - a potion of might
 g - a potion of haste {unknown}
 i - 3 potions of curing {unknown}
Comestibles
 f - 5 rations


   Skills:
 + Level 4.7 Fighting
 + Level 5.7 Axes
 + Level 4.5 Armour
 + Level 1.2 Dodging
 + Level 4.6 Shields


You had 5 spell levels left.
You didn't know any spells.
Your spell library was empty.

Dungeon Overview and Level Annotations

Branches:
Dungeon (4/15)             Temple (0/1) D:4

Altars:
Ashenzari
Fedhas
Trog

Annotations:
D:4 Blork the orc


Message History

You are lethally poisoned!
You closely miss the leopard gecko.
* * * LOW HITPOINT WARNING * * *
You feel sick. You block the leopard gecko's attack.
The leopard gecko bites you but does no damage.
Something hits you.
* * * LOW HITPOINT WARNING * * *
You miss the leopard gecko.
* * * LOW HITPOINT WARNING * * *
You feel sick.
A magic dart appears from out of thin air!
The magic dart hits you!
* * * LOW HITPOINT WARNING * * *
You block the leopard gecko's attack.
* * * LOW HITPOINT WARNING * * *
You feel sick.
You hear some strange, mumbled words.
A puff of flame appears from out of thin air!
The puff of flame hits you!
You die...

##.##...#......# #
##...##..#.###..#
#.####.....####.# .#
#...............# #
###........#........#
#.......(#.....#.##
#####...{....#........
#........>...#.....#.#
#.###..@.....##....###
##.#####l###..........
##...##.....#..§.....##
##8...8###.#.#..§...
#.......#......$....
#.>.8†<.#### #.....#
#.....†.# .# ##8.<.8##
# ##...##


You could see a leopard gecko.

Vanquished Creatures
  Sigmund (D:2)
  A hound (D:4)
  Terence (D:2)
  A hound skeleton (D:4)
  3 adders
  2 oozes (D:3)
  5 leopard geckos
  5 orcs (D:3)
  3 giant cockroaches
  9 goblins
  5 hobgoblins
  4 jackals (D:1)
  8 kobolds
  A quokka (D:3)
  2 ball pythons (D:3)
  11 bats
  8 frilled lizards
  A jackal zombie (D:3)
  7 rats
78 creatures vanquished.

Notes
Turn   | Place    | Note
-------+----------+-------------------------------------------
     0 | D:1      | smallpebble the Hill Orc Fighter began the quest for the
                  | Orb.
     0 | D:1      | Reached XP level 1. HP: 19/19 MP: 1/1
    62 | D:1      | Reached XP level 2. HP: 23/27 MP: 2/2
   214 | D:1      | Reached XP level 3. HP: 32/33 MP: 3/3
   235 | D:1      | Reached skill level 3 in Axes
   263 | D:1      | You fall through a shaft!
   263 | D:2      | Noticed Terence
   269 | D:2      | Killed Terence
   269 | D:2      | Reached XP level 4. HP: 32/40 MP: 4/4
   355 | D:2      | Found a blossoming altar of Fedhas.
   415 | D:2      | Noticed Sigmund
   722 | D:1      | Reached skill level 4 in Axes
  1028 | D:2      | Killed Sigmund
  1028 | D:2      | Reached skill level 5 in Axes
  1028 | D:2      | Reached skill level 1 in Dodging
  1028 | D:2      | Reached XP level 5. HP: 12/47 MP: 5/5
  1028 | D:2      | Reached XP level 6. HP: 14/53 MP: 6/6
  1714 | D:3      | Found a shattered altar of Ashenzari.
  1802 | D:3      | Found a faded altar of an unknown god.
  2114 | D:3      | Found a bloodstained altar of Trog.
  2230 | D:4      | Found a staircase to the Ecumenical Temple.
  2268 | D:4      | Noticed Blork the orc
  2296 | D:4      | Killed from afar by Blork the orc

Skill      XL: |  1  2  3  4 |
---------------+-------------+-----
Fighting       | 4 |  4.7
Axes           | 3 5 |  5.7
Shields        | 4 |  4.6
Armour         | 4 |  4.5
Dodging        | 1 |  1.2

Action                   |  1- 3 |  4- 6 || total
-------------------------+-------+-------++-------
Melee: War axe           |    79 |   173 ||   252
  Eat: Ration            |       |     2 ||     2
Armor: Scale mail        |    62 |    68 ||   130
Dodge: Dodged            |    32 |    61 ||    93
Block: Shield            |    63 |    86 ||   149
